 Dungeon Crawl Stone Soup version 0.23.2-33-g5129a83184 (webtiles) character file.

Game seed: 15093358242574473378

302 MalarOregon the Digger (level 6, -1/53 HPs)
             Began as a Ghoul Earth Elementalist on July 14, 2019.
             Slain by a bullfrog (6 damage)
             ... on level 3 of the Dungeon.
             The game lasted 00:08:38 (4499 turns).

MalarOregon the Digger (Ghoul Earth Elementalist)   Turns: 4499, Time: 00:08:39

Health: -1/53      AC:  2    Str: 12    XL:     6   Next: 37%
Magic:  6/7        EV: 12    Int: 12    God:
Gold:   158        SH:  0    Dex:  9    Spells: 2/8 levels left

rFire    . . .     SeeInvis .   d - +3 mace
rCold    + . .     Gourm    .   (no shield)
rNeg     + + +     Faith    .   c - +0 robe
rPois    ∞         Spirit   .   (no helmet)
rElec    .         Reflect  .   (no cloak)
rCorr    .         Harm     .   (no gloves)
MR       .....     Rnd*Tele +   (no boots)
Stlth    ++........             (no amulet)
HPRegen  0.00/turn              q - ring of teleportation (curse)
MPRegen  0.10/turn              (no ring)

@: rotting
A: rotting body, claws 1, carnivore, cold resistance 1, negative energy
resistance 3, inhibited regeneration, torment resistance, unbreathing
a: no special abilities


You were on level 3 of the Dungeon.
You were not hungry.

You visited 1 branch of the dungeon, and saw 4 of its levels.

You collected 158 gold pieces.

Inventory:

Hand Weapons
 d - a +3 mace (weapon)
   (You took it off an orc on level 3 of the Dungeon)
Missiles
 b - 119 stones (quivered)
 g - a throwing net {!f}
Armour
 c - a +0 robe (worn)
 k - a +0 leather armour of fire resistance
   (You found it on level 2 of the Dungeon)
Jewellery
 q - a cursed ring of teleportation (left claw)
   (You found it on level 3 of the Dungeon)
Scrolls
 a - 2 scrolls of remove curse {unknown}
 i - a scroll of amnesia {unknown}
 j - a scroll of enchant weapon {unknown}
 l - 3 scrolls of identify {unknown}
 m - a scroll of immolation {unknown}
 p - a scroll of teleportation {unknown}
Potions
 f - 2 potions of curing {unknown}
 h - 3 potions of degeneration {unknown}
 n - a potion of mutation {unknown}
Comestibles
 e - 6 rations {!d}


   Skills:
 + Level 4.6 Fighting
 - Level 1.7 Dodging
 - Level 2.1 Stealth
 - Level 1.7 Spellcasting
 - Level 0.8 Transmutations
 + Level 5.8 Earth Magic


You had 2 spell levels left.
You knew the following spells:

 Your Spells              Type           Power        Failure   Level  Hunger
a - Sandblast             Erth           ###...       2%          1    ##.....
q - Passwall              Tmut/Erth      #.......     11%         2    ###....
x - Stone Arrow           Conj/Erth      #.....       26%         3    ####...

Your spell library contained the following spells:

 Spells                   Type           Power        Failure   Level  Hunger
 Petrify                  Tmut/Erth      #.......     56%         4    #####..
 Lee's Rapid Deconstruct  Erth           ###.......   56%         5    ######.


Dungeon Overview and Level Annotations

Branches:
Dungeon (4/15)
 Temple: D:4-7

Altars:
Yredelemnul

Annotations:
D:3 1 runed translucent door, Derp's ghost, amateur HOFi


Innate Abilities, Weirdness & Mutations

Your body is rotting away.
You thrive on raw meat.
You are immune to poison.
You have sharp fingernails.
You are carnivorous and can eat meat at any time.
Your flesh is cold resistant. (rC+)
You are immune to negative energy. (rN+++)
You do not regenerate when monsters are visible.
You are immune to unholy pain and torment.
You can survive without breathing.


Message History

You hit the ooze. The ooze hits you but does no damage.
You sock the ooze!
You kill the ooze!
The orc throws a tomahawk.
The tomahawk hits you.
The phantom blinks!
The orc barely misses you.
You see here a jackal corpse.
The jackal barks!
You hit the orc. The orc hits you with a +0 dagger.
The orc hits you but does no damage.
You barely miss the orc. The orc barely misses you.
You hit the orc but do no damage. The orc hits you with a +0 dagger.
* * * LOW HITPOINT WARNING * * *
The phantom blinks!
The orc throws a tomahawk.
The tomahawk barely misses you.
You see here a tomahawk.
The orc barely misses you.
You see here a jackal corpse.
You barely miss the orc. The orc barely misses you.
The orc hits you with a +0 dagger.
* * * LOW HITPOINT WARNING * * *
You sock the orc!
You kill the orc!
The bullfrog hits you.
* * * LOW HITPOINT WARNING * * *
Okay, then.
You butcher the jackal corpse.
The bullfrog hits you.
* * * LOW HITPOINT WARNING * * *
The bullfrog hits you.
* * * LOW HITPOINT WARNING * * *
Things that are here:
a chunk of flesh; a jackal skeleton Eat a chunk of flesh? (ye/n/q)
You eat the chunk of flesh.
This raw flesh tastes great!
The bullfrog closely misses you.
You hit the bullfrog. The bullfrog misses you.
The bullfrog closely misses you. x2
You see here a tomahawk.
The bullfrog hits you!
* * * LOW HITPOINT WARNING * * *
There is an escape hatch in the ceiling here.
Really go through this one-way escape hatch?
The bullfrog closely misses you. A mysterious force pulls you upwards.
The hatch slams shut behind you.
Level annotation: 1 runed translucent door, Derp's ghost, amateur HOFi Unknown command.
The bullfrog hits you.
* * * LOW HITPOINT WARNING * * *
Aim: a bullfrog (lightly wounded)
The blast of sand hits the bullfrog!
b - 119 stones The bullfrog hits you.
You die...

#.....#####.....#..........<[...
#.................###....)......
#.....#.###.....####..####.####.
#######.##.)....##...## #.####.
#.........#...######......
##..........#.###....###..
#......(..##.##..##.##...
#...............###.##.##
#......F@..#.######....#
#....................>##
#............#####.#..#
###...>..)......####....###
#......<....#......##......
####.#........<#.##.#.........
###....#...........##...........
#...####...####.#.####......#...
#..........#♣W#.............#...


You could see a bullfrog.

Vanquished Creatures
  An orc priest (D:3)
  Jessica (D:3)
  Natasha (thrice) (D:2)
  A worker ant (D:4)
  5 adders
  2 oozes
  A worm (D:1)
  3 dart slugs (D:1)
  2 leopard geckos
  6 orcs
  A ball python (D:1)
  15 bats
  5 giant cockroaches
  7 hobgoblins
  6 jackals
  3 quokkas
  2 frilled lizards
  4 goblins
  5 kobolds
  8 rats
81 creatures vanquished.

Notes
Turn   | Place    | Note
-------+----------+-------------------------------------------
     0 | D:1      | MalarOregon the Ghoul Earth Elementalist began the quest
                  | for the Orb.
     0 | D:1      | Reached XP level 1. HP: 14/14 MP: 2/2
   114 | D:1      | Reached skill level 1 in Fighting
   372 | D:1      | Reached XP level 2. HP: 23/23 MP: 0/3
  1004 | D:1      | Reached XP level 3. HP: 29/29 MP: 4/4
  1006 | D:1      | Reached skill level 4 in Earth Magic
  1558 | D:2      | Noticed Natasha
  1574 | D:2      | Killed Natasha
  1574 | D:2      | Reached XP level 4. HP: 6/37 MP: 0/5
  1789 | D:2      | Learned a level 2 spell: Passwall
  1793 | D:2      | Learned a level 3 spell: Stone Arrow
  2009 | D:2      | Noticed Natasha
  2015 | D:2      | Killed Natasha
  2545 | D:2      | Reached XP level 5. HP: 44/44 MP: 6/6
  2551 | D:2      | Noticed Natasha
  2556 | D:2      | Killed Natasha
  2556 | D:2      | Reached skill level 5 in Earth Magic
  3019 | D:3      | Found a runed translucent door.
  3019 | D:3      | Noticed Derp's ghost (amateur HOFi)
  3839 | D:3      | Noticed Jessica
  3842 | D:3      | Killed Jessica
  4155 | D:3      | Reached XP level 6. HP: 48/52 MP: 7/7
  4391 | D:4      | Found a basalt altar of Yredelemnul.
  4463 | D:4      | Noticed a phantom
  4499 | D:3      | Slain by a bullfrog

Skill      XL: |  1  2  3  4  5 |
---------------+----------------+-----
Fighting       | 1 2 3 4 |  4.6
Earth Magic    | 4 5 |  5.8
Dodging        | |  1.7
Stealth        | |  2.1
Spellcasting   | |  1.7
Transmutations | |  0.8

Action                   |  1- 3 |  4- 6 || total
-------------------------+-------+-------++-------
Melee: Unarmed           |   124 |    93 ||   217
       Mace              |       |    68 ||    68
 Cast: Sandblast         |    16 |    45 ||    61
 Stab: Sleeping          |     4 |     2 ||     6
  Eat: Chunk             |     2 |    14 ||    16
Armor: Robe              |    32 |    43 ||    75
Dodge: Dodged            |   120 |   133 ||   253
